 Dungeon Crawl Stone Soup version 0.20.0-15-g7f486f2 (webtiles) character file.

67 Chiseanne the Magician (level 4, 30/30 HPs)
             Began as a Demonspawn Wizard on June 15, 2017.
             Quit the game on level 2 of the Dungeon.
             The game lasted 00:03:26 (2553 turns).

Chiseanne the Magician (Demonspawn Wizard)          Turns: 2553, Time: 00:03:27

Health: 30/30      AC:  3    Str:  8    XL:     4   Next: 0%
Magic:  6/10       EV: 12    Int: 20    God:
Gold:   137        SH:  0    Dex: 13    Spells: 10/11 levels left

rFire    . . .     SeeInvis .   p - +0 rapier
rCold    . . .     Gourm    .   (no shield)
rNeg     . . .     Faith    .   a - +0 robe
rPois    .         Spirit   .   i - +0 helmet
rElec    .         Reflect  .   o - scarf {repulsion}
rCorr    .         Harm     .   (no gloves)
MR       .....                  (no boots)
Stlth    ++........             (no amulet)
Regen    0.1/turn               (no ring)
MPRegen  0.2/turn               (no ring)

@: repel missiles
A: talons 1, thin skeletal structure 1
a: no special abilities


You were on level 2 of the Dungeon.
You were not hungry.

You visited 1 branch of the dungeon, and saw 2 of its levels.

You collected 137 gold pieces.

Inventory:

Hand Weapons
 p - a +0 rapier (weapon)
 s - a +3 hunting sling
Missiles
 f - 30 poisoned needles
 k - 51 stones (quivered)
Armour
 a - a +0 robe (worn)
 b - a +0 hat
 i - a +0 helmet (worn)
 o - a scarf of repulsion (worn)
Scrolls
 h - a scroll of noise {unknown}
 j - 2 scrolls of teleportation
 n - 2 scrolls of remove curse
 q - a scroll of fear {unknown}
Potions
 e - 2 potions of agility
 g - a potion of mutation {unknown}
 m - a potion of lignification {unknown}
Books
 c - a book of Minor Magic

   Spells                             Type                      Level
   a - Magic Dart                     Conjuration                  1
   b - Blink                          Translocation                2
   c - Call Imp                       Summoning                    2
   d - Slow                           Hexes                        2
   e - Conjure Flame                  Conjuration/Fire             3
   f - Mephitic Cloud                 Conjuration/Poison/Air       3
Comestibles
 d - a bread ration
 l - a meat ration


   Skills:
 - Level 1.7 Dodging
 - Level 1.7 Stealth
 * Level 4.0 Spellcasting
 * Level 2.5 Conjurations
   Level 1.0 Summonings
   Level 0.8 Translocations


You had 10 spell levels left.
You knew the following spells:

 Your Spells              Type           Power        Failure   Level  Hunger
a - Magic Dart            Conj           ##..         4%          1    None


Dungeon Overview and Level Annotations

Branches:
Dungeon (2/15)

Altars:
Qazlal


Innate Abilities, Weirdness & Mutations

You have sharp toenails.
You have a somewhat thin skeletal structure. (Dex +2, Stealth)


Message History

The adder hisses angrily.
Casting: Magic Dart
Confirm with . or Enter, or press ? or * to list all spells.
Aiming: Magic Dart
Press: ? - help, Shift-Dir - straight line, f/p - adder
Aim: an adder (moderately wounded)
The magic dart hits the adder.
The adder is severely wounded.
Casting: Magic Dart
Confirm with . or Enter, or press ? or * to list all spells.
Aiming: Magic Dart
Press: ? - help, Shift-Dir - straight line, f/p - adder
Aim: an adder (severely wounded)
The magic dart hits the adder.
You kill the adder!
Your Spellcasting skill increases to level 4!
You have reached level 4!
You feel stronger.
Your demonic ancestry asserts itself...
Your toenails lengthen and sharpen.
Are you sure you want to abandon this character and quit the game? (Confirm with "yes".)

.#####......#.....####.###...#.#
.......######..<..# #.......#.#
######## #.....# #####.....# ..##
#..#.## #.##..## ...##
########...### ####.......
....###.....##.....####.)..##....
....##..............)...##.##.#.#
....#................#####.##.#..
....#...........@....# ##.##.##.
....#................####..##.##.
....#................##...>......
............)........##..........
...#.............................
.#.##...............#............
.#.##.............<..............
...####.####.##..######..........
##..###.# ##<##..###.............


There were no monsters in sight!

Vanquished Creatures
  2 adders (D:2)
  A worm (D:2)
  A dart slug (D:2)
  A leopard gecko (D:2)
  3 giant cockroaches
  8 goblins
  8 hobgoblins (D:1)
  A quokka (D:2)
  A ball python (D:1)
  7 bats
  5 frilled lizards (D:1)
  5 kobolds
  A rat (D:1)
44 creatures vanquished.

Notes
Turn   | Place    | Note
-------+----------+-------------------------------------------
     0 | D:1      | Chiseanne the Demonspawn Wizard began the quest for the Orb.
     0 | D:1      | Reached XP level 1. HP: 13/13 MP: 4/4
   562 | D:1      | Gained mutation: You have a somewhat thin skeletal structure. (Dex +2, Stealth) [demonic ancestry]
   562 | D:1      | Reached XP level 2. HP: 13/19 MP: 0/6
  1661 | D:1      | Reached XP level 3. HP: 24/24 MP: 5/8
  2172 | D:2      | Found a stormy altar of Qazlal.
  2552 | D:2      | Reached skill level 4 in Spellcasting
  2552 | D:2      | Gained mutation: You have sharp toenails. [demonic ancestry]
  2552 | D:2      | Reached XP level 4. HP: 30/30 MP: 6/10
  2553 | D:2      | Quit the game

Skill      XL: |  1  2  3 |
---------------+----------+-----
Conjurations   | 2 |  2.5
Spellcasting   | 4 |  4.0
Dodging        | |  1.7
Stealth        | |  1.7
Summonings     | |  1.0
Translocations | |  0.8

Action                   |  1- 3 |  4- 6 || total
-------------------------+-------+-------++-------
Melee: Unarmed           |     7 |       ||     7
       Club              |    10 |       ||    10
 Cast: Magic Dart        |    99 |     1 ||   100
  Use: Scroll            |     5 |       ||     5
  Eat: Chunk             |     5 |       ||     5
Armor: Robe              |     3 |       ||     3
Dodge: Dodged            |    15 |       ||    15
       Deflected         |     2 |       ||     2
